Predators vs Blues

Created - October-28-13 at 18:31

Goals
1 2 3 T
Predators 2 1 2 5
Blues 2 0 1 3
Shots
1 2 3 T
Predators 16 1 9 26
Blues 6 15 14 35

1st period

1. Blues , Christopher Higgins 2 (Anton Stralman, Brenden Morrow) at 3:06
2. Predators , Wayne Simmonds 4 (Zbynek Michalek, Steven Stamkos) at 3:38
3. Predators , Wayne Simmonds 5 (Max Pacioretty, Steven Stamkos) at 10:07
4. Blues , Daniel Sedin 8 (Steve Ott, Rick Nash) at 12:36 (PP)

Penalties :
Steve Ott (STL) for Tripping (Minor) at 0:37, Roman Polak (NSH) for Tripping (Minor) at 12:28, Braydon Coburn (NSH) for Tripping (Minor) at 13:19

2nd period

5. Predators , Steven Stamkos 6 (Jeff Petry, Shea Weber) at 4:12 (PP)

Penalties :
Roman Polak (NSH) for High sticking (Minor) at 0:55, Mark Fayne (STL) for Tripping (Minor) at 3:40, Max Pacioretty (NSH) for Slashing (Minor) at 8:32

3rd period

6. Predators , Nicklas Backstrom 3 (Brandon Prust, Shea Weber) at 4:56 (PP)
7. Predators , Patric Hornqvist 4 (Braydon Coburn, Brandon Prust) at 11:17
8. Blues , Daniel Sedin 9 (Travis Zajac) at 12:03

Penalties :
Brandon Prust (NSH) for Roughing (Minor) at 1:50, Anton Stralman (STL) for Holding (Minor) at 4:21, Wayne Simmonds (NSH) for Hooking (Minor) at 7:08, Sami Salo (STL) for Hooking (Minor) at 13:14

Goalie Stats

Pekka Rinne (NSH), 32 saves from 35 shots - (0.914), W, 4-4-1, 60:00 minutes
Corey Crawford (STL), 21 saves from 26 shots - (0.808), L, 11-4-0, 60:00 minutes

Players Stats for Predators

Player Name              G  A  P  +/- PIM S  H  SB GA TA FO     MP     PP MP  PK MP  
------------------------------------------------------------------------------------
Brandon Prust            0  2  2   0  2   1  3  0  0  0  8/20   19:47   2:52   6:08 
Braydon Coburn           0  1  1   0  2   1  3  0  0  0  0/0    20:18   1:56   3:28 
Brian Strait             0  0  0  -1  0   0  0  1  0  0  0/0     9:24   0:00   2:34 
Deryk Engelland          0  0  0   0  0   0  0  0  0  0  0/0     4:30   0:00   0:00 
Jeff Petry               0  1  1   2  0   0  1  0  0  0  0/0    20:45   3:09   1:56 
Jordan Nolan             0  0  0   0  0   0  0  0  0  0  0/0     3:21   0:00   0:21 
Marian Gaborik           0  0  0   0  0   4  0  2  0  0  0/1    19:49   2:13   0:00 
Max Pacioretty           0  1  1   1  2   1  3  0  0  0  1/1    19:00   2:52   0:00 
Nicklas Backstrom        1  0  1   0  0   3  2  0  0  0  7/16   18:06   2:52   0:00 
Patric Hornqvist         1  0  1   0  0   1  0  0  0  0  0/0    14:40   1:56   1:56 
Paul Gaustad             0  0  0   0  0   0  0  0  0  0  3/7     6:10   0:00   3:10 
Roman Polak              0  0  0   0  4   1  5  3  0  0  0/0    20:26   0:00   5:16 
Shea Weber               0  2  2   1  0   3  1  1  0  0  0/0    23:17   3:09   0:00 
Steven Stamkos           1  2  3   1  0   5  0  0  0  0  16/26  26:08   2:13   7:46 
T.J. Oshie               0  0  0   0  0   1  2  0  0  0  0/0    14:55   0:00   0:00 
Tuomo Ruutu              0  0  0   0  0   2  1  0  0  0  9/22   13:46   2:13   0:45 
Wayne Simmonds           2  0  2   1  2   3  6  0  0  0  1/2    16:08   0:00   0:00 
Zbynek Michalek          0  1  1   0  0   0  0  3  0  0  0/0    19:21   0:00   6:52 

Players Stats for Blues

Player Name              G  A  P  +/- PIM S  H  SB GA TA FO     MP     PP MP  PK MP  
------------------------------------------------------------------------------------
Anton Stralman           0  1  1  -1  2   2  0  1  0  0  0/0    16:08   4:24   1:56 
Brenden Morrow           0  1  1  -1  0   1  2  0  0  0  0/0     9:40   0:00   0:00 
Carl Gunnarsson          0  0  0   0  0   0  1  0  0  0  0/0    23:25   4:24   3:16 
Christopher Higgins      1  0  1  -1  0   6  1  0  0  0  1/1    16:51   5:05   2:06 
Dan Hamhuis              0  0  0   0  0   6  0  1  0  0  0/0    24:41   5:39   3:17 
Daniel Sedin             2  0  2   0  0   3  1  0  0  0  0/1    18:55   4:58   0:00 
David Jones              0  0  0   0  0   1  1  0  0  0  0/1     9:11   0:00   3:19 
Henrik Zetterberg        0  0  0   0  0   4  0  0  0  0  8/16   23:27   5:05   2:59 
Jussi Jokinen            0  0  0   0  0   1  3  0  0  0  1/1    18:37   4:40   0:00 
Kent Huskins             0  0  0  -1  0   0  0  0  0  0  0/0    10:14   0:00   0:25 
Mark Fayne               0  0  0   0  2   0  2  1  0  0  0/0    15:52   0:00   0:23 
Mikael Samuelsson        0  0  0   0  0   0  0  0  0  0  0/0     5:52   0:00   0:00 
Olli Jokinen             0  0  0  -1  0   1  0  0  0  0  9/16   10:39   0:25   0:34 
Radek Martinek           0  0  0   0  0   0  1  1  0  0  0/0     9:27   5:39   0:00 
Rick Nash                0  1  1   0  0   8  0  0  0  0  1/1    20:21   4:58   0:00 
Sami Salo                0  0  0   0  2   0  2  1  0  0  0/0    20:10   0:00   0:53 
Steve Ott                0  1  1   0  2   0  8  0  0  0  25/37  21:32   4:58   1:12 
Travis Zajac             0  1  1   0  0   2  0  0  0  0  5/21   19:49   0:00   0:00 

3 Stars

1 - Wayne Simmonds (NSH)
2 - Steven Stamkos (NSH)
3 - Daniel Sedin (STL)

Power Play

Predators - 2 on 4 Attempt(s) - 50.00%
Blues - 1 on 6 Attempt(s) - 16.67%

Penalty Kill

Predators - 5 on 6 Attempt(s) - 83.33% - Score 0 goal in Penalty Kill
Blues - 2 on 4 Attempt(s) - 50.00% - Score 0 goal in Penalty Kill

Official

Referees : Jean Hebert and Darcy Burchell
Linesman : Darren Gibbs and Derek Nansen

Game Notes

Brian Strait is injured at 9:11 of 2nd period (Bruised Left Arm)

Finance

Level 1 -- Attendance: 5002 (76.95%) -- Ticket Income $575,230
Level 2 -- Attendance: 3694 (73.88%) -- Ticket Income $295,520
Level 3 -- Attendance: 3099 (88.54%) -- Ticket Income $139,455
Level 4 -- Attendance: 2662 (88.09%) -- Ticket Income $79,860
Luxury Box -- Attendance: 1000 (100.00%) -- Ticket Income $230,000
Game was played at the Scottrade Center
Total Attendance: 15457 (81.26%)
Total Ticket Income: $1,320,065
Other Income: $198,010
Total Income: $1,518,075


% Time on Ice - Predators

Lines # - Real PCT - Wanted PCT - Time Play
Normal Forward
1 - 36% - 35% - 16:09
2 - 33% - 32% - 14:55
3 - 24% - 24% - 10:48
4 - 7% - 9% - 3:00
Normal Defense
1 - 29% - 35% - 12:58
2 - 33% - 32% - 14:55
3 - 28% - 27% - 12:29
4 - 10% - 6% - 4:30
PP Forward
1 - 56% - 60% - 2:52
2 - 44% - 40% - 2:13
PP Defense
1 - 62% - 60% - 3:09
2 - 38% - 40% - 1:56
PK Forward
1 - 81% - 60% - 8:07
2 - 19% - 40% - 1:56
PK Defense
1 - 50% - 60% - 5:02
2 - 50% - 40% - 5:01
PK3 Forward
1 - 0% - 60%
2 - 0% - 40%
PK3 Defense
1 - 0% - 60%
2 - 0% - 40%
44 Forward
1 - 0% - 60%
2 - 0% - 40%
44 Defense
1 - 0% - 60%
2 - 0% - 40%
Last Minute Offensive  - 0:00
Last Minute Defensive  - 0:00
Total
Forward - 60:00
Defense - 60:00

% Time on Ice - Blues

Lines # - Real PCT - Wanted PCT - Time Play
Normal Forward
1 - 34% - 38% - 15:23
2 - 31% - 30% - 13:57
3 - 22% - 22% - 9:40
4 - 13% - 10% - 5:52
Normal Defense
1 - 35% - 40% - 15:45
2 - 35% - 30% - 15:30
3 - 22% - 20% - 9:49
4 - 8% - 10% - 3:48
PP Forward
1 - 49% - 50% - 4:58
2 - 51% - 50% - 5:05
PP Defense
1 - 56% - 60% - 5:39
2 - 44% - 40% - 4:24
PK Forward
1 - 59% - 50% - 2:59
2 - 41% - 50% - 2:06
PK Defense
1 - 54% - 60% - 2:46
2 - 46% - 40% - 2:19
PK3 Forward
1 - 0% - 55%
2 - 0% - 45%
PK3 Defense
1 - 0% - 60%
2 - 0% - 40%
44 Forward
1 - 0% - 58%
2 - 0% - 42%
44 Defense
1 - 0% - 60%
2 - 0% - 40%
Last Minute Offensive  - 0:00
Last Minute Defensive  - 0:00
Total
Forward - 60:00
Defense - 60:00

Play by Play

1st period


0:01 of 1st period - Steven Stamkos wins face-off versus Steve Ott in neutral zone.
0:03 of 1st period - Max Pacioretty is hit by Carl Gunnarsson and loses puck.
0:37 of 1st period - Minor Penalty to Steve Ott for Tripping.
0:38 of 1st period - Nicklas Backstrom wins face-off versus Henrik Zetterberg in Blues zone.
0:45 of 1st period - Shot by Max Pacioretty.
0:45 of 1st period - Shot Misses the Net.
1:28 of 1st period - Shot by Steven Stamkos.
1:28 of 1st period - Stopped by Corey Crawford without a rebound.
1:29 of 1st period - Steven Stamkos wins face-off versus David Jones in Blues zone.
1:48 of 1st period - Shot by Shea Weber.
1:48 of 1st period - Stopped by Corey Crawford without a rebound.
1:49 of 1st period - Henrik Zetterberg wins face-off versus Steven Stamkos in Blues zone.
2:14 of 1st period - Shot by Shea Weber.
2:14 of 1st period - Shot Misses the Net.
2:16 of 1st period - Shot by Marian Gaborik.
2:16 of 1st period - Stopped by Corey Crawford with a rebound.
2:18 of 1st period - Shot by Jeff Petry.
2:18 of 1st period - Shot Misses the Net.
2:55 of 1st period - Off-side.
2:56 of 1st period - Olli Jokinen wins face-off versus Tuomo Ruutu in neutral zone.
3:06 of 1st period - Shot by Christopher Higgins.
3:06 of 1st period - Goal by Christopher Higgins - Predators : 0 - Blues : 1.
3:07 of 1st period - Steven Stamkos wins face-off versus Travis Zajac in neutral zone.
3:14 of 1st period - Shot by Max Pacioretty.
3:14 of 1st period - Shot Misses the Net.
3:19 of 1st period - Steven Stamkos is hit by Mark Fayne and loses puck.
3:34 of 1st period - Shot by Steven Stamkos.
3:34 of 1st period - Shot Misses the Net.
3:36 of 1st period - Shot by Steven Stamkos.
3:36 of 1st period - Shot Misses the Net.
3:38 of 1st period - Shot by Zbynek Michalek.
3:38 of 1st period - Deflect By Wayne Simmonds.
3:38 of 1st period - Goal by Wayne Simmonds - Predators : 1 - Blues : 1.
3:39 of 1st period - Nicklas Backstrom wins face-off versus Steve Ott in neutral zone.
3:50 of 1st period - Shot by Marian Gaborik.
3:50 of 1st period - Deflect By Nicklas Backstrom.
3:50 of 1st period - Stopped by Corey Crawford without a rebound.
3:51 of 1st period - Olli Jokinen wins face-off versus Tuomo Ruutu in Blues zone.
4:15 of 1st period - Kent Huskins is hit by Shea Weber and loses puck.
5:04 of 1st period - Shot by Marian Gaborik.
5:04 of 1st period - Stopped by Corey Crawford without a rebound.
5:05 of 1st period - Steven Stamkos wins face-off versus Travis Zajac in Blues zone.
5:11 of 1st period - Icing by Daniel Sedin.
5:12 of 1st period - Steven Stamkos wins face-off versus Travis Zajac in Blues zone.
5:47 of 1st period - Sami Salo is hit by Wayne Simmonds.
5:57 of 1st period - Jussi Jokinen is hit by Wayne Simmonds.
6:22 of 1st period - Shot by Marian Gaborik.
6:22 of 1st period - Stopped by Corey Crawford without a rebound.
6:23 of 1st period - Steve Ott wins face-off versus Tuomo Ruutu in Blues zone.
6:23 of 1st period - Steve Ott is hit by Brandon Prust.
7:01 of 1st period - Shot by Tuomo Ruutu.
7:01 of 1st period - Stopped by Corey Crawford without a rebound.
7:02 of 1st period - Olli Jokinen wins face-off versus Nicklas Backstrom in Blues zone.
7:55 of 1st period - Icing by Dan Hamhuis.
7:56 of 1st period - Steven Stamkos wins face-off versus Travis Zajac in Blues zone.
7:57 of 1st period - Shot by Max Pacioretty.
7:57 of 1st period - Stopped by Corey Crawford without a rebound.
7:58 of 1st period - Steven Stamkos wins face-off versus Steve Ott in Blues zone.
8:10 of 1st period - Shot by Henrik Zetterberg.
8:10 of 1st period - Stopped by Pekka Rinne without a rebound.
8:11 of 1st period - Tuomo Ruutu wins face-off versus Travis Zajac in Predators zone.
8:15 of 1st period - Icing by Patric Hornqvist.
8:16 of 1st period - Tuomo Ruutu wins face-off versus Steve Ott in Predators zone.
8:16 of 1st period - Tuomo Ruutu is hit by Steve Ott.
8:22 of 1st period - Roman Polak is hit by Steve Ott and loses puck.
8:51 of 1st period - Shot by Brandon Prust.
8:51 of 1st period - Shot Misses the Net.
9:47 of 1st period - Icing by Sami Salo.
9:48 of 1st period - Wayne Simmonds wins face-off versus Travis Zajac in Blues zone.
9:49 of 1st period - Shot by Shea Weber.
9:49 of 1st period - Stopped by Corey Crawford without a rebound.
9:50 of 1st period - Steven Stamkos wins face-off versus Olli Jokinen in Blues zone.
10:01 of 1st period - Shot by Wayne Simmonds.
10:01 of 1st period - Shot Misses the Net.
10:05 of 1st period - Shot by Steven Stamkos.
10:05 of 1st period - Deflect By Max Pacioretty.
10:05 of 1st period - Shot Misses the Net.
10:07 of 1st period - Shot by Wayne Simmonds.
10:07 of 1st period - Goal by Wayne Simmonds - Predators : 2 - Blues : 1.
10:08 of 1st period - Tuomo Ruutu wins face-off versus Travis Zajac in neutral zone.
10:16 of 1st period - Icing by Sami Salo.
10:17 of 1st period - Jussi Jokinen wins face-off versus Steven Stamkos in Blues zone.
10:40 of 1st period - Shot by Steven Stamkos.
10:40 of 1st period - Stopped by Corey Crawford with a rebound.
11:42 of 1st period - Icing by Brian Strait.
11:43 of 1st period - Steve Ott wins face-off versus Nicklas Backstrom in Predators zone.
11:43 of 1st period - Steve Ott is hit by Braydon Coburn.
11:53 of 1st period - Shot by Rick Nash.
11:53 of 1st period - Stopped by Pekka Rinne without a rebound.
11:54 of 1st period - Olli Jokinen wins face-off versus Tuomo Ruutu in Predators zone.
12:02 of 1st period - Olli Jokinen is hit by Roman Polak and loses puck.
12:16 of 1st period - Christopher Higgins is hit by Roman Polak and loses puck.
12:19 of 1st period - Shot by Brenden Morrow.
12:19 of 1st period - Shot Misses the Net.
12:28 of 1st period - Shot by Brenden Morrow.
12:28 of 1st period - Stopped by Pekka Rinne without a rebound.
12:28 of 1st period - Minor Penalty to Roman Polak for Tripping.
12:29 of 1st period - Steve Ott wins face-off versus Brandon Prust in Predators zone.
12:36 of 1st period - Shot by Daniel Sedin.
12:36 of 1st period - Goal by Daniel Sedin - Predators : 2 - Blues : 2.
12:37 of 1st period - Steve Ott wins face-off versus Steven Stamkos in neutral zone.
13:00 of 1st period - Icing by Anton Stralman.
13:01 of 1st period - Steve Ott wins face-off versus Paul Gaustad in Blues zone.
13:06 of 1st period - Shot by Henrik Zetterberg.
13:06 of 1st period - Deflect By Rick Nash.
13:06 of 1st period - Shot Blocked by Marian Gaborik.
13:19 of 1st period - Minor Penalty to Braydon Coburn for Tripping.
13:20 of 1st period - Henrik Zetterberg wins face-off versus Brandon Prust in Predators zone.
13:23 of 1st period - Shot by Henrik Zetterberg.
13:23 of 1st period - Shot Misses the Net.
14:02 of 1st period - Icing by Christopher Higgins.
14:03 of 1st period - Henrik Zetterberg wins face-off versus Brandon Prust in Blues zone.
14:23 of 1st period - Icing by Carl Gunnarsson.
14:24 of 1st period - Steve Ott wins face-off versus Paul Gaustad in Blues zone.
14:35 of 1st period - Shot by Rick Nash.
14:35 of 1st period - Stopped by Pekka Rinne without a rebound.
14:36 of 1st period - Steve Ott wins face-off versus Brandon Prust in Predators zone.
14:54 of 1st period - Rick Nash is hit by Roman Polak and loses puck.
16:27 of 1st period - Mark Fayne is hit by Nicklas Backstrom and loses puck.
17:05 of 1st period - Shot by Steven Stamkos.
17:05 of 1st period - Deflect By Max Pacioretty.
17:05 of 1st period - Shot Blocked by Dan Hamhuis.
17:17 of 1st period - Shot by Rick Nash.
17:17 of 1st period - Shot Misses the Net.
17:42 of 1st period - Shot by Tuomo Ruutu.
17:42 of 1st period - Stopped by Corey Crawford without a rebound.
17:43 of 1st period - Tuomo Ruutu wins face-off versus Olli Jokinen in Blues zone.
18:04 of 1st period - Shot by Tuomo Ruutu.
18:04 of 1st period - Shot Blocked by Anton Stralman.
18:08 of 1st period - Shot by Brandon Prust.
18:08 of 1st period - Stopped by Corey Crawford with a rebound.
18:17 of 1st period - Off-side.
18:18 of 1st period - Travis Zajac wins face-off versus Paul Gaustad in neutral zone.
18:21 of 1st period - Shea Weber is hit by Daniel Sedin and loses puck.
18:51 of 1st period - Shot by Shea Weber.
18:51 of 1st period - Stopped by Corey Crawford without a rebound.
18:52 of 1st period - Steve Ott wins face-off versus Steven Stamkos in Blues zone.
19:17 of 1st period - Steven Stamkos is hit by Radek Martinek and loses puck.
19:20 of 1st period - Shot by Wayne Simmonds.
19:20 of 1st period - Stopped by Corey Crawford with a rebound.
19:22 of 1st period - Shot by Brian Strait.
19:22 of 1st period - Shot Misses the Net.
19:24 of 1st period - Shot by Wayne Simmonds.
19:24 of 1st period - Shot Misses the Net.
19:36 of 1st period - Shot by Wayne Simmonds.
19:36 of 1st period - Deflect By Steven Stamkos.
19:36 of 1st period - Shot Blocked by Radek Martinek.
19:48 of 1st period - Icing by Brandon Prust.
19:49 of 1st period - Olli Jokinen wins face-off versus Tuomo Ruutu in Predators zone.

2nd period


0:01 of 2nd period - Steve Ott wins face-off versus Nicklas Backstrom in neutral zone.
0:10 of 2nd period - Dan Hamhuis is hit by T.J. Oshie and loses puck.
0:17 of 2nd period - Marian Gaborik is hit by Steve Ott and loses puck.
0:24 of 2nd period - Shot by Henrik Zetterberg.
0:24 of 2nd period - Stopped by Pekka Rinne without a rebound.
0:25 of 2nd period - Steven Stamkos wins face-off versus Travis Zajac in Predators zone.
0:25 of 2nd period - Steven Stamkos is hit by Jussi Jokinen.
0:39 of 2nd period - Travis Zajac is hit by Wayne Simmonds and loses puck.
0:49 of 2nd period - Sami Salo is hit by Roman Polak and loses puck.
0:55 of 2nd period - Minor Penalty to Roman Polak for High sticking.
0:56 of 2nd period - Brandon Prust wins face-off versus Daniel Sedin in Predators zone.
1:09 of 2nd period - Shot by Dan Hamhuis.
1:09 of 2nd period - Stopped by Pekka Rinne with a rebound.
1:13 of 2nd period - Shot by Rick Nash.
1:13 of 2nd period - Stopped by Pekka Rinne without a rebound.
1:14 of 2nd period - Henrik Zetterberg wins face-off versus Brandon Prust in Predators zone.
1:15 of 2nd period - Shot by Anton Stralman.
1:15 of 2nd period - Stopped by Pekka Rinne without a rebound.
1:16 of 2nd period - Brandon Prust wins face-off versus Henrik Zetterberg in Predators zone.
1:32 of 2nd period - Henrik Zetterberg is hit by Braydon Coburn and loses puck.
1:42 of 2nd period - Shot by Dan Hamhuis.
1:42 of 2nd period - Stopped by Pekka Rinne without a rebound.
1:43 of 2nd period - Brandon Prust wins face-off versus Steve Ott in Predators zone.
1:43 of 2nd period - Brandon Prust is hit by Steve Ott.
1:55 of 2nd period - Shot by Rick Nash.
1:55 of 2nd period - Stopped by Pekka Rinne without a rebound.
1:56 of 2nd period - Brandon Prust wins face-off versus Henrik Zetterberg in Predators zone.
2:09 of 2nd period - Braydon Coburn is hit by Christopher Higgins and loses puck.
2:22 of 2nd period - Shot by Christopher Higgins.
2:22 of 2nd period - Shot Blocked by Zbynek Michalek.
2:24 of 2nd period - Shot by Henrik Zetterberg.
2:24 of 2nd period - Shot Misses the Net.
2:26 of 2nd period - Shot by Christopher Higgins.
2:26 of 2nd period - Shot Hit the Post.
3:40 of 2nd period - Minor Penalty to Mark Fayne for Tripping.
3:41 of 2nd period - Nicklas Backstrom wins face-off versus Steve Ott in Blues zone.
3:52 of 2nd period - Icing by Nicklas Backstrom.
3:53 of 2nd period - Henrik Zetterberg wins face-off versus Brandon Prust in Predators zone.
3:54 of 2nd period - Shot by David Jones.
3:54 of 2nd period - Stopped by Pekka Rinne without a rebound.
3:55 of 2nd period - Tuomo Ruutu wins face-off versus Henrik Zetterberg in Predators zone.
3:55 of 2nd period - Tuomo Ruutu is hit by David Jones.
4:12 of 2nd period - Shot by Steven Stamkos.
4:12 of 2nd period - Goal by Steven Stamkos - Predators : 3 - Blues : 2.
4:13 of 2nd period - Steven Stamkos wins face-off versus Travis Zajac in neutral zone.
4:36 of 2nd period - Shot by Wayne Simmonds.
4:36 of 2nd period - Shot Misses the Net.
4:43 of 2nd period - Daniel Sedin is hit by Wayne Simmonds and loses puck.
4:48 of 2nd period - Travis Zajac is hit by Max Pacioretty and loses puck.
4:53 of 2nd period - Shot by Max Pacioretty.
4:53 of 2nd period - Shot Misses the Net.
4:55 of 2nd period - Shot by Brian Strait.
4:55 of 2nd period - Shot Misses the Net.
5:02 of 2nd period - Icing by Anton Stralman.
5:03 of 2nd period - Travis Zajac wins face-off versus Nicklas Backstrom in Blues zone.
5:03 of 2nd period - Travis Zajac is hit by T.J. Oshie.
5:22 of 2nd period - Shot by Rick Nash.
5:22 of 2nd period - Stopped by Pekka Rinne without a rebound.
5:23 of 2nd period - Tuomo Ruutu wins face-off versus Olli Jokinen in Predators zone.
5:29 of 2nd period - Icing by Dan Hamhuis.
5:30 of 2nd period - Olli Jokinen wins face-off versus Nicklas Backstrom in Blues zone.
6:43 of 2nd period - Shot by Rick Nash.
6:43 of 2nd period - Shot Blocked by Marian Gaborik.
7:05 of 2nd period - Shot by Henrik Zetterberg.
7:05 of 2nd period - Deflect By Rick Nash.
7:05 of 2nd period - Shot Blocked by Shea Weber.
7:54 of 2nd period - Daniel Sedin is hit by Roman Polak and loses puck.
7:59 of 2nd period - Shot by Travis Zajac.
7:59 of 2nd period - Stopped by Pekka Rinne without a rebound.
8:00 of 2nd period - Tuomo Ruutu wins face-off versus Olli Jokinen in Predators zone.
8:00 of 2nd period - Tuomo Ruutu is hit by Brenden Morrow.
8:26 of 2nd period - Icing by Dan Hamhuis.
8:27 of 2nd period - Olli Jokinen wins face-off versus Steven Stamkos in Blues zone.
8:27 of 2nd period - Dan Hamhuis is hit by Wayne Simmonds and loses puck.
8:31 of 2nd period - Brenden Morrow is hit by Wayne Simmonds and loses puck.
8:32 of 2nd period - Minor Penalty to Max Pacioretty for Slashing.
8:33 of 2nd period - Brandon Prust wins face-off versus Steve Ott in Predators zone.
8:42 of 2nd period - Shot by Steven Stamkos.
8:42 of 2nd period - Shot Misses the Net.
8:45 of 2nd period - Icing by Radek Martinek.
8:46 of 2nd period - Steve Ott wins face-off versus Brandon Prust in Blues zone.
8:46 of 2nd period - Steve Ott is hit by Brandon Prust.
8:52 of 2nd period - Shot by Dan Hamhuis.
8:52 of 2nd period - Stopped by Pekka Rinne without a rebound.
8:53 of 2nd period - Henrik Zetterberg wins face-off versus Brandon Prust in Predators zone.
9:09 of 2nd period - Shot by Anton Stralman.
9:09 of 2nd period - Shot Misses the Net.
9:11 of 2nd period - Shot by Carl Gunnarsson.
9:11 of 2nd period - Shot Blocked by Brian Strait.
9:11 of 2nd period - Brian Strait from Predators is injured at 9:11 of 2nd period (Bruised Left Arm).
9:12 of 2nd period - Steve Ott wins face-off versus Brandon Prust in Predators zone.
9:15 of 2nd period - Shot by Radek Martinek.
9:15 of 2nd period - Shot Blocked by Zbynek Michalek.
9:23 of 2nd period - Shot by Dan Hamhuis.
9:23 of 2nd period - Stopped by Pekka Rinne without a rebound.
9:24 of 2nd period - Brandon Prust wins face-off versus Henrik Zetterberg in Predators zone.
9:37 of 2nd period - Shot by Jussi Jokinen.
9:37 of 2nd period - Stopped by Pekka Rinne without a rebound.
9:38 of 2nd period - Paul Gaustad wins face-off versus Steve Ott in Predators zone.
10:22 of 2nd period - Icing by Daniel Sedin.
10:23 of 2nd period - Brandon Prust wins face-off versus Steve Ott in Blues zone.
10:29 of 2nd period - Icing by Rick Nash.
10:30 of 2nd period - Steve Ott wins face-off versus Brandon Prust in Blues zone.
10:41 of 2nd period - Shot by Olli Jokinen.
10:41 of 2nd period - Shot Misses the Net.
11:25 of 2nd period - Mikael Samuelsson is hit by Nicklas Backstrom.
12:22 of 2nd period - Carl Gunnarsson is hit by Max Pacioretty and loses puck.
12:57 of 2nd period - Shot by Rick Nash.
12:57 of 2nd period - Stopped by Pekka Rinne without a rebound.
12:58 of 2nd period - Olli Jokinen wins face-off versus Paul Gaustad in Predators zone.
13:05 of 2nd period - Shot by Christopher Higgins.
13:05 of 2nd period - Shot Misses the Net.
13:20 of 2nd period - Off-side.
13:21 of 2nd period - Steve Ott wins face-off versus Tuomo Ruutu in neutral zone.
13:49 of 2nd period - Icing by Kent Huskins.
13:50 of 2nd period - Rick Nash wins face-off versus Nicklas Backstrom in Blues zone.
13:52 of 2nd period - Icing by Henrik Zetterberg.
13:53 of 2nd period - Steve Ott wins face-off versus Wayne Simmonds in Blues zone.
14:09 of 2nd period - Icing by Anton Stralman.
14:10 of 2nd period - Steve Ott wins face-off versus Tuomo Ruutu in Blues zone.
14:29 of 2nd period - Shot by Henrik Zetterberg.
14:29 of 2nd period - Shot Blocked by Roman Polak.
14:51 of 2nd period - Icing by Henrik Zetterberg.
14:52 of 2nd period - Steven Stamkos wins face-off versus Steve Ott in Blues zone.
16:20 of 2nd period - Shot by Brenden Morrow.
16:20 of 2nd period - Shot Misses the Net.
16:22 of 2nd period - Shot by Christopher Higgins.
16:22 of 2nd period - Stopped by Pekka Rinne with a rebound.
16:24 of 2nd period - Shot by Olli Jokinen.
16:24 of 2nd period - Stopped by Pekka Rinne without a rebound.
16:25 of 2nd period - Tuomo Ruutu wins face-off versus Olli Jokinen in Predators zone.
16:53 of 2nd period - Shot by Brandon Prust.
16:53 of 2nd period - Deflect By Tuomo Ruutu.
16:53 of 2nd period - Shot Misses the Net.
17:04 of 2nd period - Off-side.
17:05 of 2nd period - Steve Ott wins face-off versus Nicklas Backstrom in neutral zone.
17:16 of 2nd period - Shot by Henrik Zetterberg.
17:16 of 2nd period - Shot Misses the Net.
18:48 of 2nd period - Icing by Dan Hamhuis.
18:49 of 2nd period - Travis Zajac wins face-off versus Tuomo Ruutu in Blues zone.
18:49 of 2nd period - Travis Zajac is hit by Brandon Prust.
19:29 of 2nd period - Shot by Brenden Morrow.
19:29 of 2nd period - Shot Misses the Net.
19:35 of 2nd period - Shot by Brenden Morrow.
19:35 of 2nd period - Shot Misses the Net.
19:37 of 2nd period - Shot by Mark Fayne.
19:37 of 2nd period - Shot Blocked by Roman Polak.

3rd period


0:01 of 3rd period - Steve Ott wins face-off versus Steven Stamkos in neutral zone.
0:01 of 3rd period - Henrik Zetterberg is hit by Max Pacioretty and loses puck.
0:27 of 3rd period - Henrik Zetterberg is hit by Jeff Petry and loses puck.
1:06 of 3rd period - Shot by T.J. Oshie.
1:06 of 3rd period - Shot Misses the Net.
1:16 of 3rd period - Roman Polak is hit by Jussi Jokinen.
1:22 of 3rd period - Icing by Mark Fayne.
1:23 of 3rd period - Travis Zajac wins face-off versus Tuomo Ruutu in Blues zone.
1:46 of 3rd period - Patric Hornqvist is hit by Sami Salo and loses puck.
1:50 of 3rd period - Minor Penalty to Brandon Prust for Roughing.
1:51 of 3rd period - Henrik Zetterberg wins face-off versus Tuomo Ruutu in Predators zone.
2:24 of 3rd period - Shot by Dan Hamhuis.
2:24 of 3rd period - Stopped by Pekka Rinne with a rebound.
3:14 of 3rd period - Shot by Anton Stralman.
3:14 of 3rd period - Shot Misses the Net.
3:47 of 3rd period - Shot by Henrik Zetterberg.
3:47 of 3rd period - Shot Blocked by Zbynek Michalek.
4:12 of 3rd period - Off-side.
4:13 of 3rd period - Christopher Higgins wins face-off versus Tuomo Ruutu in neutral zone.
4:17 of 3rd period - Kent Huskins is hit by Tuomo Ruutu and loses puck.
4:21 of 3rd period - Minor Penalty to Anton Stralman for Holding.
4:22 of 3rd period - Nicklas Backstrom wins face-off versus Henrik Zetterberg in Blues zone.
4:54 of 3rd period - Shot by Shea Weber.
4:54 of 3rd period - Shot Misses the Net.
4:56 of 3rd period - Shot by Brandon Prust.
4:56 of 3rd period - Deflect By Nicklas Backstrom.
4:56 of 3rd period - Goal by Nicklas Backstrom - Predators : 4 - Blues : 2.
4:57 of 3rd period - Paul Gaustad wins face-off versus Travis Zajac in neutral zone.
5:23 of 3rd period - Paul Gaustad is hit by Mark Fayne and loses puck.
5:50 of 3rd period - Steven Stamkos is hit by Jussi Jokinen and loses puck.
6:00 of 3rd period - Shot by Max Pacioretty.
6:00 of 3rd period - Shot Hit the Post.
6:10 of 3rd period - Shot by Max Pacioretty.
6:10 of 3rd period - Shot Misses the Net.
6:12 of 3rd period - Shot by Roman Polak.
6:12 of 3rd period - Stopped by Corey Crawford without a rebound.
6:13 of 3rd period - Steve Ott wins face-off versus Tuomo Ruutu in Blues zone.
6:22 of 3rd period - Icing by Carl Gunnarsson.
6:23 of 3rd period - Steve Ott wins face-off versus Marian Gaborik in Blues zone.
6:51 of 3rd period - Shot by Rick Nash.
6:51 of 3rd period - Stopped by Pekka Rinne without a rebound.
6:52 of 3rd period - Steven Stamkos wins face-off versus Olli Jokinen in Predators zone.
6:52 of 3rd period - Zbynek Michalek is hit by Brenden Morrow and loses puck.
7:08 of 3rd period - Minor Penalty to Wayne Simmonds for Hooking.
7:09 of 3rd period - Steve Ott wins face-off versus Brandon Prust in Predators zone.
7:52 of 3rd period - Shot by Dan Hamhuis.
7:52 of 3rd period - Shot Misses the Net.
8:18 of 3rd period - Shot by Henrik Zetterberg.
8:18 of 3rd period - Shot Misses the Net.
8:20 of 3rd period - Shot by Henrik Zetterberg.
8:20 of 3rd period - Shot Misses the Net.
8:22 of 3rd period - Shot by Christopher Higgins.
8:22 of 3rd period - Stopped by Pekka Rinne with a rebound.
8:24 of 3rd period - Shot by Carl Gunnarsson.
8:24 of 3rd period - Deflect By Henrik Zetterberg.
8:24 of 3rd period - Shot Misses the Net.
8:26 of 3rd period - Shot by Anton Stralman.
8:26 of 3rd period - Stopped by Pekka Rinne without a rebound.
8:27 of 3rd period - Paul Gaustad wins face-off versus Henrik Zetterberg in Predators zone.
8:33 of 3rd period - Icing by Carl Gunnarsson.
8:34 of 3rd period - Brandon Prust wins face-off versus Henrik Zetterberg in Blues zone.
8:39 of 3rd period - Shot by Steven Stamkos.
8:39 of 3rd period - Shot Misses the Net.
8:41 of 3rd period - Shot by Steven Stamkos.
8:41 of 3rd period - Stopped by Corey Crawford without a rebound.
8:42 of 3rd period - Henrik Zetterberg wins face-off versus Brandon Prust in Blues zone.
9:11 of 3rd period - Shot by Marian Gaborik.
9:11 of 3rd period - Shot Blocked by Sami Salo.
9:13 of 3rd period - Shot by T.J. Oshie.
9:13 of 3rd period - Stopped by Corey Crawford without a rebound.
9:14 of 3rd period - Nicklas Backstrom wins face-off versus Travis Zajac in Blues zone.
10:40 of 3rd period - Steve Ott is hit by Braydon Coburn and loses puck.
10:49 of 3rd period - Shot by Henrik Zetterberg.
10:49 of 3rd period - Stopped by Pekka Rinne with a rebound.
10:51 of 3rd period - Shot by Henrik Zetterberg.
10:51 of 3rd period - Stopped by Pekka Rinne without a rebound.
10:52 of 3rd period - Olli Jokinen wins face-off versus Tuomo Ruutu in Predators zone.
11:17 of 3rd period - Shot by Patric Hornqvist.
11:17 of 3rd period - Goal by Patric Hornqvist - Predators : 5 - Blues : 2.
11:18 of 3rd period - Steven Stamkos wins face-off versus Travis Zajac in neutral zone.
11:20 of 3rd period - Roman Polak is hit by Sami Salo and loses puck.
11:33 of 3rd period - Shot by Travis Zajac.
11:33 of 3rd period - Shot Misses the Net.
11:35 of 3rd period - Shot by Travis Zajac.
11:35 of 3rd period - Stopped by Pekka Rinne without a rebound.
11:36 of 3rd period - Nicklas Backstrom wins face-off versus Steve Ott in Predators zone.
12:01 of 3rd period - Shot by Dan Hamhuis.
12:01 of 3rd period - Stopped by Pekka Rinne without a rebound.
12:02 of 3rd period - Travis Zajac wins face-off versus Steven Stamkos in Predators zone.
12:03 of 3rd period - Shot by Daniel Sedin.
12:03 of 3rd period - Goal by Daniel Sedin - Predators : 5 - Blues : 3.
12:04 of 3rd period - Steven Stamkos wins face-off versus Travis Zajac in neutral zone.
12:15 of 3rd period - Shot by Travis Zajac.
12:15 of 3rd period - Deflect By Daniel Sedin.
12:15 of 3rd period - Stopped by Pekka Rinne without a rebound.
12:16 of 3rd period - Steve Ott wins face-off versus Nicklas Backstrom in Predators zone.
12:26 of 3rd period - T.J. Oshie is hit by Steve Ott and loses puck.
12:32 of 3rd period - Off-side.
12:33 of 3rd period - Max Pacioretty wins face-off versus Travis Zajac in neutral zone.
12:41 of 3rd period - Icing by Roman Polak.
12:42 of 3rd period - Steven Stamkos wins face-off versus Steve Ott in Predators zone.
12:42 of 3rd period - Steven Stamkos is hit by Steve Ott.
12:59 of 3rd period - Icing by Zbynek Michalek.
13:00 of 3rd period - Steven Stamkos wins face-off versus Travis Zajac in Predators zone.
13:14 of 3rd period - Minor Penalty to Sami Salo for Hooking.
13:15 of 3rd period - Steve Ott wins face-off versus Nicklas Backstrom in Blues zone.
13:40 of 3rd period - Shot by Nicklas Backstrom.
13:40 of 3rd period - Stopped by Corey Crawford without a rebound.
13:41 of 3rd period - Steve Ott wins face-off versus Steven Stamkos in Blues zone.
15:07 of 3rd period - Shot by Jeff Petry.
15:07 of 3rd period - Shot Blocked by Mark Fayne.
15:33 of 3rd period - Shot by Marian Gaborik.
15:33 of 3rd period - Stopped by Corey Crawford with a rebound.
16:11 of 3rd period - Shot by Steven Stamkos.
16:11 of 3rd period - Stopped by Corey Crawford without a rebound.
16:12 of 3rd period - Tuomo Ruutu wins face-off versus Olli Jokinen in Blues zone.
16:45 of 3rd period - Shot by Christopher Higgins.
16:45 of 3rd period - Stopped by Pekka Rinne with a rebound.
16:47 of 3rd period - Shot by Christopher Higgins.
16:47 of 3rd period - Stopped by Pekka Rinne with a rebound.
16:49 of 3rd period - Shot by Christopher Higgins.
16:49 of 3rd period - Stopped by Pekka Rinne without a rebound.
16:50 of 3rd period - Steve Ott wins face-off versus Steven Stamkos in Predators zone.
17:02 of 3rd period - Max Pacioretty is hit by Steve Ott and loses puck.
17:21 of 3rd period - Shot by Rick Nash.
17:21 of 3rd period - Stopped by Pekka Rinne with a rebound.
17:23 of 3rd period - Shot by Steve Ott.
17:23 of 3rd period - Shot Blocked by Roman Polak.
18:00 of 3rd period - Icing by Sami Salo.
18:01 of 3rd period - Nicklas Backstrom wins face-off versus Travis Zajac in Blues zone.
19:23 of 3rd period - Shot by Braydon Coburn.
19:23 of 3rd period - Stopped by Corey Crawford without a rebound.
19:24 of 3rd period - Steve Ott wins face-off versus Steven Stamkos in Blues zone.
19:49 of 3rd period - Wayne Simmonds is hit by Steve Ott and loses puck.


Output by the SimonT Hockey Simulator (STHS) for Stephane Roy -- Original Page W3C XHTML 1.0 Valid
Hockey Simulator - Hockey Simulation - Hockey Manager